 Dungeon Crawl Stone Soup version 0.24.0-123-gd5b16e6ec5 (webtiles) character file.

Game seed: 3221780658846645135, levelgen mode: deterministic

286 Bergy the Cudgeler (level 6, -1/37 HPs)
             Began as a Gargoyle Fighter on Dec 29, 2019.
             Slain by an orc priest
             ... wielding a +0 falchion
              (6 damage)
             ... on level 3 of the Dungeon.
             The game lasted 00:05:41 (2495 turns).

Bergy the Cudgeler (Gargoyle Fighter)               Turns: 2495, Time: 00:05:41

Health: -1/37      AC: 11    Str: 22    XL:     6   Next: 30%
Magic:  6/6        EV:  7    Int:  8    God:
Gold:   92         SH:  9    Dex:  9    Spells: 5/5 levels left

rFire    . . .     SeeInvis .   a - +0 flail
rCold    . . .     Gourm    .   c - +0 shield
rNeg     + . .     Faith    .   b - +0 scale mail
rPois    ∞         Spirit   .   (no helmet)
rElec    +         Reflect  .   (no cloak)
rCorr    .         Harm     .   (no gloves)
MR       .....                  (no boots)
Stlth    ..........             (no amulet)
HPRegen  0.12/turn              (no ring)
MPRegen  0.10/turn              (no ring)

@: no status effects
A: negative energy resistance 1, electricity resistance, unbreathing,
petrification resistance, rot immunity, AC +4
a: no special abilities


You were on level 3 of the Dungeon.
You were hungry.

You visited 1 branch of the dungeon, and saw 3 of its levels.

You collected 92 gold pieces.

Inventory:

Hand Weapons
 a - a +0 flail (weapon)
Armour
 b - a +0 scale mail (worn)
 c - a +0 shield (worn)
 k - a +0 plate armour
Jewellery
 n - an uncursed amulet of magic regeneration {unknown}
 s - a +3 ring of slaying
Scrolls
 g - 5 scrolls of teleportation {unknown}
 h - 2 scrolls of enchant weapon {unknown}
 j - a scroll of fog {unknown}
 l - a scroll of enchant armour {unknown}
 m - 5 scrolls of identify {unknown}
 p - a scroll of noise {unknown}
Potions
 d - a potion of might
 e - a potion of flight {unknown}
 i - a potion of curing {unknown}
 o - a potion of lignification {unknown}
 q - a potion of berserk rage {unknown}
 r - a potion of ambrosia {unknown}
 u - 2 potions of heal wounds {unknown}
Comestibles
 f - 7 rations


   Skills:
 - Level 3.2 Fighting
 * Level 6.4 Maces & Flails
 - Level 3.2 Armour
 - Level 3.2 Shields


You had 5 spell levels left.
You didn't know any spells.
Your spell library was empty.

Dungeon Overview and Level Annotations

Branches:
Dungeon (3/15)

Altars:
Nemelex Xobeh

Annotations:
D:2 Natasha


Innate Abilities, Weirdness & Mutations

You are resistant to torment.
Your stone body is resilient. (AC +4)
You are immune to poison.
You resist negative energy. (rN+)
You are resistant to electric shocks. (rElec)
You can survive without breathing.
You are immune to petrification.
You are immune to rotting.


Message History

You are feeling hungry.
The orc priest invokes the aid of Beogh against you.
Pain shoots through your body!
You hit the orc priest.
The orc priest is lightly wounded.
The orc priest calls down the wrath of Beogh upon you.
You barely resist. You closely miss the orc priest.
The orc priest is lightly wounded.
The orc priest invokes the aid of Beogh against you.
Beogh smites you! You block the orc priest's attack.
You hit the orc priest.
The orc priest is moderately wounded.
The orc priest invokes the aid of Beogh against you.
Beogh smites you!
* * * LOW HITPOINT WARNING * * *
You hit the orc priest but do no damage.
The orc priest is moderately wounded.
The orc priest hits you with a +0 falchion.
You die...

### #.# #.# #.# #.# #.#
#...##.########
######...##.#...@oo#
...# 8...8#.#.####o#
...###...##.#.# #.#
##..##...##.#†# #.#
##..##...##.#.## #....#
....#8...8#.#..######.#
##..##.).##..†......#
.(
##...#....####...##.#
o.. .....##...####...#
o.


You could see an orc priest, an orc wizard and an orc.

Vanquished Creatures
  Sigmund (D:3)
  An orc wizard (D:3)
  3 adders
  A worm (D:2)
  3 dart slugs (D:1)
  A leopard gecko (D:2)
  4 orcs (D:3)
  4 bats
  7 giant cockroaches
  9 goblins
  8 hobgoblins
  4 frilled lizards
  10 kobolds
  9 rats
65 creatures vanquished.

Notes
Turn   | Place    | Note
-------+----------+-------------------------------------------
     0 | D:1      | Bergy the Gargoyle Fighter began the quest for the Orb.
     0 | D:1      | Reached XP level 1. HP: 14/14 MP: 1/1
   202 | D:1      | Reached XP level 2. HP: 19/19 MP: 2/2
   255 | D:1      | Reached skill level 3 in Maces & Flails
   480 | D:1      | Reached XP level 3. HP: 23/23 MP: 3/3
  1085 | D:2      | Found a sparkling altar of Nemelex Xobeh.
  1188 | D:2      | Noticed Natasha
  1389 | D:2      | Reached skill level 4 in Maces & Flails
  1406 | D:2      | Reached XP level 4. HP: 17/28 MP: 4/4
  2039 | D:3      | Reached skill level 5 in Maces & Flails
  2039 | D:3      | Reached XP level 5. HP: 32/32 MP: 5/5
  2192 | D:3      | Noticed Sigmund
  2211 | D:3      | Killed Sigmund
  2211 | D:3      | Reached skill level 6 in Maces & Flails
  2211 | D:3      | Reached XP level 6. HP: 13/37 MP: 6/6
  2495 | D:3      | Slain by an orc priest

Levels and vault maps discovered:
D:1:      onia_arrival_mini_maze_b, layout_loops_ring, minmay_tromino_v4_a
D:2:      layout_basic, nicolae_overflow_hidden_temple, first_ration,
          minmay_randomly_rotated_circles, uniq_natasha
D:3:      layout_basic, serial_corexii_hall, corexii_hall_statues_l,
          corexii_hall_statues_l, minmay_fractal_squares_gapless_5, uniq_sigmund

Skill      XL: |  1  2  3  4  5 |
---------------+----------------+-----
Maces & Flails | 3 4 5 6 |  6.4
Fighting       | |  3.2
Armour         | |  3.2
Shields        | |  3.2

Action                   |  1- 3 |  4- 6 || total
-------------------------+-------+-------++-------
Melee: Flail             |   152 |    90 ||   242
  Use: Potion            |       |     1 ||     1
  Eat: Chunk             |     1 |     4 ||     5
Armor: Scale mail        |    90 |    36 ||   126
Dodge: Dodged            |    59 |    24 ||    83
Block: Shield            |    63 |    41 ||   104
